 Dungeon Crawl Stone Soup version 0.29.1-15-g9cfb28693d (webtiles) character file.

Game seed: 14927505313535590163

7600 PriceMaster the Destroyer (level 11, -3/67 HPs)
             Began as an Octopode Conjurer on Apr 14, 2023.
             Was a Priest of Sif Muna.
             Slain by a three-headed hydra (11 damage)
             ... on level 9 of the Dungeon.
             The game lasted 00:43:45 (14268 turns).

PriceMaster the Destroyer (Octopode Conjurer)      Turns: 14268, Time: 00:43:45

Health: -3/67      AC:  1    Str:  7    XL:     11   Next: 17%
Magic:  8/24       EV: 14    Int: 25    God:    Sif Muna [***...]
Gold:   547        SH:  0    Dex: 10    Spells: 13/28 levels left

rFire   . . .      SeeInvis .   J - staff of earth
rCold   . . .      Faith    .   (no shield)
rNeg    . . .      Spirit   .   (helmet restricted)
rPois   .          Reflect  .   (no amulet)
rElec   .          Harm     .   u - ring of flight
rCorr   .          Rampage  .   (no ring)
Will    .....                   (no ring)
Stlth   ++++......              (no ring)
HPRegen 0.21/turn               (no ring)
MPRegen 0.19/turn               (no ring)
                                (no ring)
                                (no ring)

@: flying
A: almost no armour, amphibious, 8 rings, camouflage 1, gelatinous body 1,
(nimble swimmer 1), tentacles, tentacle spike 1
a: Renounce Religion, Channel Magic, Forget Spell


You were on level 9 of the Dungeon.
You worshipped Sif Muna.
Sif Muna was most pleased with you.
You visited 2 branches of the dungeon, and saw 10 of its levels.
You also visited: Ossuary and Bailey.

You collected 547 gold pieces.

Inventory:

Hand Weapons
 b - a +0 dagger
 c - a +0 short sword
 f - a +2 quarterstaff of chaos
 g - a +1 spear
 i - a +1 vorpal dire flail
 j - a +0 flail
 y - a +2 spear of venom
 C - a +5 mace
Missiles
 x - 3 throwing nets
 I - 6 javelins
Magical Staves
 J - a staff of earth (weapon)
Jewellery
 d - a ring of protection from cold
 u - a ring of flight (left tentacle)
Wands
 e - a wand of digging (4)
 h - a wand of mindburst (8)
 B - a wand of roots (10)
Scrolls
 q - 3 scrolls of enchant weapon
 v - 4 scrolls of amnesia
 A - a scroll of torment
 E - 2 scrolls of fear {unknown}
 F - a scroll of blinking {unknown}
 G - a scroll of identify
 H - 4 scrolls of teleportation {unknown}
 L - a scroll of acquirement
Potions
 a - 2 potions of magic
 k - 3 potions of curing
 l - a potion of might
 n - 3 potions of resistance {unknown}
 p - 2 potions of berserk rage
 r - 2 potions of ambrosia {unknown}
 s - a potion of attraction {unknown}
 t - 6 potions of brilliance
 w - 2 potions of flight {unknown}
 z - 5 potions of haste {unknown}
 D - 4 potions of cancellation {unknown}
 K - a potion of lignification {unknown}


   Skills:
 + Level 3.0 Fighting
 + Level 1.0(1.3) Polearms
 + Level 1.3(1.5) Staves
 + Level 4.8 Dodging
 + Level 5.4 Stealth
 + Level 9.3 Spellcasting
 + Level 11.1 Conjurations
 + Level 1.4 Hexes
 + Level 0.6 Fire Magic
 + Level 3.5 Air Magic
 + Level 2.2 Earth Magic
 + Level 3.4 Evocations


You had 13 spell levels left.
You knew the following spells:

 Your Spells              Type           Power      Damage    Failure   Level
a - Magic Dart            Conj           100%       1d8       1%          1
b - Searing Ray           Conj           100%       2d8       1%          2
c - Static Discharge      Conj/Air       48%        3-9/arc   1%          2
d - Stone Arrow           Conj/Erth      100%       3d13      1%          3
e - Dazzling Flash        Conj/Hex       86%        N/A       1%          3
f - Flame Wave            Conj/Fire      41%        2d11      4%          4

Your spell library contained the following spells:

 Spells                   Type           Power      Damage    Failure   Level
 Sandblast                Erth           68%        2d15      2%          1
 Mephitic Cloud           Conj/Pois/Air  36%        N/A       2%          3
 Poisonous Vapours        Pois/Air       40%        N/A       3%          2
 Passwall                 Tmut/Erth      20%        N/A       4%          2
 Fulminant Prism          Conj/Hex       21%        3d13      4%          4
 Sticky Flame             Conj/Fire      41%        2d6       4%          4
 Sting                    Tmut/Pois      44%        1d5       5%          1
 Iskenderun's Mystic Bla  Conj/Tloc      39%        2d9       5%          4
 Scorch                   Fire           30%        2d7       6%          2
 Call Imp                 Summ           11%        N/A       8%          2
 Gell's Gravitas          Tloc           11%        N/A       16%         3
 Ozocubu's Armour         Ice            11%        N/A       16%         3
 Teleport Other           Tloc           11%        N/A       16%         3
 Dispel Undead            Necr           11%        3d9       45%         4
 Olgreb's Toxic Radiance  Pois           11%        N/A       45%         4
 Metabolic Englaciation   Hex/Ice        7%         N/A       73%         5
 Dispersal                Tloc           5%         N/A       100%        6
 Simulacrum               Ice/Necr       5%         N/A       100%        6
 Summon Cactus Giant      Summ           5%         N/A       100%        6
 Lehudib's Crystal Spear  Conj/Erth      30%        10d8      100%        8
 Animate Armour           Summ/Erth      Unusable   N/A       N/A         4

Dungeon Overview and Level Annotations

Branches:
Dungeon (9/15)             Temple (1/1) D:6         Ossuary (visited)
 Bailey (visited)
   Lair: D:8-11         Orc: D:9-12

Altars:
Ashenzari
Cheibriados
Dithmenos
Elyvilon
Fedhas
Hepliaklqana
Kikubaaqudgha
Makhleb
Nemelex Xobeh
Okawaru
Qazlal
Sif Muna
Trog
Vehumet
Wu Jian
Yredelemnul
Zin
The Shining One

Shops:
D:6 [

Annotations:
D:8 2 transporters


Innate Abilities, Weirdness & Mutations

You cannot wear most types of armour.
You are amphibious.
You can wear up to eight rings at the same time.
Your skin changes colour to match your surroundings (Stealth+).
Your rubbery body absorbs attacks. (AC +1, EV +1)
((You are camouflaged when in or above water. (Stealth+)))
You have tentacles for arms and can constrict up to eight enemies at once.
One of your tentacles bears a spike.


Message History

The three-headed hydra is struck by an arc of lightning!
The three-headed hydra is severely wounded.
The kobold brigand is struck by an arc of lightning.
You kill the kobold brigand!
Sif Muna accepts your kill.
The three-headed hydra is struck by an arc of lightning!
The three-headed hydra is severely wounded.
You are struck by an arc of lightning.
The lightning grounds out.
The three-headed hydra closely misses you.
The three-headed hydra bites you!
* * * LOW HITPOINT WARNING * * *
The three-headed hydra bites you!
* * * LOW HITPOINT WARNING * * *
You feel much better.
The three-headed hydra barely misses you.
The three-headed hydra bites you! x2
* * * LOW HITPOINT WARNING * * *
You feel better. The three-headed hydra misses you.
The three-headed hydra closely misses you.
The three-headed hydra completely misses you.
Aiming: Magic Dart (safe; 1% risk of failure)
Press: ? - help, Q - select action, (/) - cycle Shift-Dir - straight line, f - three-headed hydra
Aim: a three-headed hydra (severely wounded, 100% to hit)
Okay, then.
Aiming: Mindburst
Press: ? - help, Shift-Dir - straight line, f - three-headed hydra
Aim: a three-headed hydra (severely wounded, chance to affect: 44%)
The three-headed hydra resists with some effort.
The three-headed hydra barely misses you.
The three-headed hydra bites you!
* * * LOW HITPOINT WARNING * * *
The three-headed hydra barely misses you.
You feel better. The three-headed hydra bites you!
* * * LOW HITPOINT WARNING * * *
The three-headed hydra closely misses you.
The three-headed hydra misses you.
You feel better. The three-headed hydra bites you!
* * * LOW HITPOINT WARNING * * *
The three-headed hydra bites you!
You die...

.# ................. ##### .#
................. .#
............... ....
.##...........########## ....
.##.....).....#..#.....# #...
###...# #.....#..'.♣.♣.#######...
..#...###.....#..'..♣.~#....##...
..#...........#..')♣†♣...........
..#........)).#.@#.....#.........
..#.........).#D##P~P.~#....##...
).'........)..#) #~~)†P#....##...
..#...........#. +.P~PP#.........
..#...........##########.........
..#....................#.........
..#.################'############
###.#########.............#######
....##......#.###.........'......


You could see a three-headed hydra.

Vanquished Creatures
  A two-headed ogre (D:8)
  Grinder (D:3)
  A hornet (D:6)
  A troll (D:9)
  2 dream sheep (D:9)
  Sigmund (D:4)
  A wraith (D:8)
  6 yaks (D:8)
  2 wyverns (D:9)
  Menkaure (D:5)
  Edmund (D:4)
  A water moccasin (D:7)
  A black bear (D:6)
  An ice beast (D:3)
  2 orc warriors
  2 sky beasts
  An ogre (D:4)
  5 centaurs
  5 kobold brigands
  Blork the orc (D:6)
  3 bullfrogs
  5 necrophages
  2 scorpions
  A gnoll sergeant (D:6)
  6 wights
  6 killer bees (D:9)
  A howler monkey (D:6)
  3 centaur zombies (Ossuary)
  3 hounds
  Crazy Yiuf (D:5)
  A bullfrog zombie (Ossuary)
  3 orc priests (D:9)
  2 gnoll boudas (D:9)
  3 jellies
  Jessica (D:3)
  3 iguanas
  11 orc wizards
  2 scorpion zombies (Ossuary)
  Terence (D:3)
  2 ogre zombies (Ossuary)
  Robin (D:3)
  11 adders
  29 gnolls
  3 white imps
  An ufetubus (D:5)
  3 adder zombies (Ossuary)
  A worm (D:3)
  51 orcs
  7 bats
  4 endoplasms
  2 gnoll zombies (Ossuary)
  4 hobgoblins
  12 jackals
  5 quokkas
  9 ball pythons
  4 frilled lizards
  15 goblins
  7 goblin zombies
  4 hobgoblin zombies (Ossuary)
  14 kobolds
  3 orc zombies (Ossuary)
  A quokka zombie (D:7)
  4 rats
292 creatures vanquished.

Vanquished Creatures (collateral kills)
  An orc zombie (Ossuary)
1 creature vanquished.

Vanquished Creatures (others)
  A plant (D:4)
1 creature vanquished.

Grand Total: 294 creatures vanquished

Notes
Turn   | Place    | Note
-------+----------+-------------------------------------------
     0 | D:1      | PriceMaster the Octopode Conjurer began the quest for the
                  | Orb.
     0 | D:1      | Reached XP level 1. HP: 11/11 MP: 3/3
   242 | D:1      | Reached XP level 2. HP: 11/17 MP: 1/5
   666 | D:1      | Reached XP level 3. HP: 4/21 MP: 0/6
  1260 | D:2      | Learned a level 2 spell: Searing Ray
  1737 | D:2      | Reached skill level 5 in Conjurations
  1737 | D:2      | Reached XP level 4. HP: 27/27 MP: 3/7
  1913 | D:2      | Found a glowing silver altar of Zin.
  2278 | D:3      | Noticed Terence
  2284 | D:3      | Killed Terence
  2398 | D:3      | Reached XP level 5. HP: 32/32 MP: 5/9
  2526 | D:3      | Noticed Grinder
  2531 | D:3      | Paralysed by Grinder for 3 turns
  2539 | D:3      | Killed Grinder
  2540 | D:3      | Reached skill level 1 in Fighting
  2540 | D:3      | Reached XP level 6. HP: 22/38 MP: 3/11
  2700 | D:3      | Gained mutation: Your spells are a little harder to cast,
                  | but a little more powerful. [potion of mutation]
  2700 | D:3      | Gained mutation: You are partially covered in iridescent
                  | scales. (AC +2) [potion of mutation]
  2700 | D:3      | Gained mutation: You are frail. (-10% HP) [potion of
                  | mutation]
  2700 | D:3      | Gained mutation: A frigid envelope surrounds you and
                  | freezes all who hurt you. [potion of mutation]
  2781 | D:3      | Noticed Jessica
  2783 | D:3      | Found a faded altar of an unknown god.
  2786 | D:3      | Killed Jessica
  2786 | D:3      | Noticed an ice beast
  2854 | D:3      | Noticed Robin
  2861 | D:3      | Killed an ice beast
  2862 | D:3      | Reached skill level 6 in Conjurations
  2862 | D:3      | Reached XP level 7. HP: 6/38 MP: 2/13
  2901 | D:3      | Killed Robin
  3208 | D:3      | Learned a level 2 spell: Static Discharge
  3515 | D:3      | Found a burning altar of Makhleb.
  4122 | D:4      | Reached skill level 1 in Evocations
  4338 | D:4      | Noticed Edmund
  4343 | D:4      | Killed Edmund
  4568 | D:4      | Noticed Sigmund
  4573 | D:4      | Killed Sigmund
  4574 | D:4      | Reached XP level 8. HP: 31/45 MP: 8/15
  4717 | D:4      | Reached skill level 1 in Air Magic
  4866 | D:4      | Reached skill level 5 in Spellcasting
  5079 | D:5      | Entered Level 5 of the Dungeon
  5095 | D:5      | Reached skill level 5 in Stealth
  5240 | D:5      | Reached skill level 7 in Conjurations
  5336 | D:5      | Noticed Menkaure
  5345 | D:5      | Killed Menkaure
  5630 | D:5      | Reached skill level 1 in Polearms
  6134 | D:5      | Found a runed translucent door.
  6135 | D:5      | Noticed Crazy Yiuf
  6521 | D:5      | Killed Crazy Yiuf
  6606 | D:6      | Noticed a hornet
  6617 | D:6      | Killed a hornet
  6618 | D:6      | Reached XP level 9. HP: 49/49 MP: 8/18
  6761 | D:6      | Found Gobanlu's Antique Armour Shoppe.
  6792 | D:6      | Noticed Blork the orc
  6800 | D:6      | Killed Blork the orc
  7114 | D:6      | Found a staircase to the Ecumenical Temple.
  7248 | D:6      | Reached skill level 8 in Conjurations
  7557 | D:6      | Found an ornate altar of the Wu Jian Council.
  7853 | Temple   | Entered the Ecumenical Temple
  7935 | Temple   | Became a worshipper of Sif Muna the Loreminder
  8287 | D:7      | Found a sand-covered staircase.
  8295 | Ossuary  | Entered an ossuary
  8845 | Ossuary  | Reached skill level 1 in Staves
  8923 | Ossuary  | Reached * piety under Sif Muna
  9025 | Ossuary  | Noticed a silent spectre
  9395 | D:7      | Learned a level 3 spell: Stone Arrow
  9583 | D:7      | Reached skill level 9 in Conjurations
  9588 | D:7      | Reached XP level 10. HP: 32/55 MP: 8/21
 10533 | D:8      | Reached ** piety under Sif Muna
 10534 | D:8      | Reached skill level 10 in Conjurations
 10738 | D:8      | Found a transporter.
 10748 | D:8      | Found a flagged portal.
 10757 | Bailey   | Entered a bailey
 10771 | Bailey   | Identified a scroll of acquirement
 10771 | Bailey   | Acquired a book of Armaments
 10777 | Bailey   | Learned a level 3 spell: Dazzling Flash
 11171 | Bailey   | Reached skill level 1 in Earth Magic
 11862 | D:8      | Found a transporter.
 11864 | D:8      | Lost mutation: Your spells are a little harder to cast, but
                  | a little more powerful. [potion of mutation]
 11864 | D:8      | Lost mutation: You are partially covered in iridescent
                  | scales. (AC +2) [potion of mutation]
 11864 | D:8      | Gained mutation: Your skin blends seamlessly with your
                  | surroundings (Stealth++). [potion of mutation]
 11864 | D:8      | Lost mutation: A frigid envelope surrounds you and freezes
                  | all who hurt you. [potion of mutation]
 11865 | D:8      | Lost mutation: You are frail. (-10% HP) [potion of
                  | mutation]
 11865 | D:8      | Lost mutation: Your skin blends seamlessly with your
                  | surroundings (Stealth++). [potion of mutation]
 11865 | D:8      | Gained mutation: You expend magic power (3 MP) to
                  | strengthen your wands. [potion of mutation]
 11865 | D:8      | Gained mutation: Your spells are a little harder to cast,
                  | but a little more powerful. [potion of mutation]
 11865 | D:8      | Gained mutation: You are resistant to electric shocks.
                  | (rElec) [potion of mutation]
 11866 | D:8      | Lost mutation: You are resistant to electric shocks.
                  | (rElec) [potion of mutation]
 11866 | D:8      | Lost mutation: You expend magic power (3 MP) to strengthen
                  | your wands. [potion of mutation]
 11866 | D:8      | Lost mutation: Your spells are a little harder to cast, but
                  | a little more powerful. [potion of mutation]
 11866 | D:8      | Gained mutation: One of your tentacles bears a spike.
                  | [potion of mutation]
 11962 | D:8      | Noticed a two-headed ogre
 11969 | D:8      | Killed a two-headed ogre
 12379 | D:8      | Learned a level 4 spell: Flame Wave
 12384 | D:8      | Found a radiant altar of Vehumet.
 12575 | D:9      | Reached skill level 1 in Hexes
 12741 | D:9      | Identified the +6 scale mail of Lifelessness {Dex+4}
 12792 | D:9      | Reached *** piety under Sif Muna
 13292 | D:9      | Reached XP level 11. HP: 62/66 MP: 4/24
 13458 | D:9      | Found a glowing golden altar of the Shining One.
 13601 | D:9      | Reached skill level 11 in Conjurations
 14253 | D:9      | Noticed a three-headed hydra
 14268 | D:9      | Slain by a three-headed hydra

Illustrated notes

Levels and vault maps discovered:
D:1:      dpeg_arrival_brainrot, layout_basic
D:2:      layout_rooms, basic_altar
D:3:      layout_basic, mainiacjoe_overflow_alcove_4,
          ebering_ecumenical_altar_webs, uniq_terence, uniq_robin, uniq_jessica,
          uniq_grinder
D:4:      layout_basic, sigmund_edmund_badplayer
D:5:      layout_basic, uniq_menkaure, uniq_crazy_yiuf_cottage
D:6:      layout_basic, nicolae_wu_jian_immortal_techniques,
          minmay_temple_entry_stoned_glass, serial_shops, shop, minmay_bent,
          uniq_sigmund, uniq_blork_the_orc
D:7:      layout_basic, enter_ossuary_4, minmay_misc_feat_tiny,
          minmay_fractal_squares_5
D:8:      hellmonk_crumbling_castle, layout_rooms, nicolae_vehumet_radiance,
          enter_bailey_8, nicolae_diode_stairs
D:9:      layout_stronghold, tso_metal_star, hangedman_ranch
Temple:   kb_temple_of_zot

Skill      XL: |  1  2  3  4  5  6  7  8  9 10 11 |
---------------+----------------------------------+-----
Stealth        | 3 4 5 |  5.4
Conjurations   | 5 6 7 9 10 11 | 11.1
Fighting       | 1 2 3 |  3.0
Spellcasting   | 3 4 6 7 9 |  9.3
Evocations     | 1 2 3 |  3.4
Dodging        | 3 4 |  4.8
Air Magic      | 2 3 |  3.5
Polearms       | 1 |  1.0
Staves         | 1 |  1.3
Earth Magic    | 1 2 |  2.2
Hexes          | 1 |  1.4
Fire Magic     | |  0.6

Action                   |  1- 3 |  4- 6 |  7- 9 | 10-12 || total
-------------------------+-------+-------+-------+-------++-------
Melee: Dagger            |    15 |       |       |       ||    15
       Constrict         |     5 |     6 |     6 |     4 ||    21
       Tentacles         |     3 |     3 |    10 |     6 ||    22
       Unarmed           |     1 |       |       |       ||     1
       Spear             |     7 |    20 |    18 |       ||    45
       Quarterstaff      |       |       |    23 |       ||    23
       Staff             |       |       |       |    17 ||    17
       Kick              |       |       |       |     1 ||     1
 Cast: Magic Dart        |    40 |    34 |   184 |    42 ||   300
       Searing Ray       |     3 |     8 |    41 |     8 ||    60
       Static Discharge  |       |       |    40 |    27 ||    67
       Stone Arrow       |       |       |     9 |    59 ||    68
       Dazzling Flash    |       |       |       |    26 ||    26
       Flame Wave        |       |       |       |     4 ||     4
Evoke: Wand              |       |     3 |    27 |    10 ||    40
  Use: Potion            |       |     3 |     4 |    14 ||    21
       Scroll            |       |     6 |     9 |     2 ||    17
 Stab: Sleeping          |     1 |     1 |     2 |     1 ||     5
Armor: Skin              |     4 |    10 |     8 |     3 ||    25
Dodge: Dodged            |    27 |    22 |    59 |    67 ||   175
